 Dungeon Crawl Stone Soup version 0.29.1-15-g9cfb28693d (webtiles) character file.

Game seed: 14221176075884493650

8 Astivus the Trooper (level 2, -2/26 HPs)
             Began as a Draconian Chaos Knight on Mar 30, 2023.
             Was a Plaything of Xom.
             Slain by an orc
             ... wielding a +0 short sword
              (4 damage)
             ... on level 2 of the Dungeon.
             The game lasted 00:01:02 (426 turns).

Astivus the Trooper (Draconian Chaos Knight)         Turns: 426, Time: 00:01:03

Health: -2/26      AC:  4    Str: 14    XL:     2   Next: 0%
Magic:  2/2        EV: 12    Int: 12    God:    Xom [..*...]
Gold:   11         SH:  0    Dex: 10    Spells: 1/1 levels left

rFire   . . .      SeeInvis .   a - +0 hand axe (chaos)
rCold   . . .      Faith    .   (no shield)
rNeg    . . .      Spirit   .   (body armour unavailable)
rPois   .          Reflect  .   (helmet restricted)
rElec   .          Harm     .   (no cloak)
rCorr   .          Rampage  .   (no gloves)
Will    .....                   (no boots)
Stlth   +.........              (no amulet)
HPRegen 0.08/turn               (no ring)
MPRegen 0.08/turn               (no ring)

@: no status effects
A: AC +4, unfitting armour, cold-blooded
a: Renounce Religion


You were on level 2 of the Dungeon.
You worshipped Xom.
You were a toy of Xom.
You visited 1 branch of the dungeon, and saw 2 of its levels.

You collected 11 gold pieces.

Inventory:

Hand Weapons
 a - a +0 hand axe of chaos (weapon)
Scrolls
 c - a scroll of poison {unknown}
Potions
 d - a potion of attraction {unknown}
 e - a potion of resistance {unknown}
Miscellaneous
 b - a piece from Xom's chessboard (14/15) (quivered)


   Skills:
 * Level 3.4 Fighting
 * Level 3.1 Axes
 * Level 2.2 Dodging
 * Level 0.2 Stealth
 * Level 0.3 Spellcasting
 * Level 0.1 Evocations


You had one spell level left.
You didn't know any spells.
Your spell library contained the following spells:

 Spells                   Type           Power      Damage    Failure   Level
 Blade Hands              Tmut           0%         N/A       100%        5
 Iron Shot                Conj/Erth      0%         9d1       100%        6
 Animate Armour           Summ/Erth      Unusable   N/A       N/A         4

Dungeon Overview and Level Annotations

Branches:
Dungeon (2/15)

Altars:


Innate Abilities, Weirdness & Mutations

Your plain brown scales are hard. (AC +4)
You cannot fit into any form of body armour.
You are cold-blooded and may be slowed by cold attacks.


Message History

There is a stone staircase leading down here.
You climb downwards.
Found a stone staircase leading up.
There is a stone staircase leading up here.
An orc comes into view. It is wielding a +0 trident.
The orc shouts!
An orc comes into view. It is wielding a +0 short sword.
Found a roughly hewn altar of Beogh.
The orc barely misses you.
You hit the orc but do no damage. The orc hits you with a +0 trident.
You hit the orc but do no damage.
The orc suddenly seems more agile.
You hit the orc but do no damage. The orc barely misses you. x2
You miss the orc.
Your tail-slap misses the orc.
You hit the orc but do no damage.
The orc flickers and vanishes!
Deactivating autopickup; reactivate with Ctrl-A.
The orc barely misses you. Something hits you.
You hit the orc.
The orc is heavily wounded.
You hit something. You burn something. Something hits you but does no damage.
The orc hits you with a +0 trident.
You miss the orc.
The orc is heavily wounded.
You closely miss something. The orc hits you with a +0 trident.
Something hits you. Something hits you. The orc attacks as you move away!
The orc hits you with a +0 trident!
* * * LOW HITPOINT WARNING * * *
The orc hits you from afar with a +0 trident.
* * * LOW HITPOINT WARNING * * *
Something hits you but does no damage.
Non-targeted evoke: piece from Xom's chessboard (15/15)
Press: ? - help, Q - select action Dir - look around, f - activate Look: an orc, wielding a +0 trident and wearing a +0 ring mail (heavily wounded, unusually agile)
You make a move on Xom's chessboard...
The orc flickers and vanishes!
Something hits you but does no damage.
There is a stone staircase leading up here.
Something hits you but does no damage.
There is a stone staircase leading up here.
Something hits you.
You die...

#.......#
#...⌠...#
##..#..##
##...##
###.# #.#
#<# #{#
#@# #.#
#.# #.#
#.# #..
###


There were no monsters in sight!

Vanquished Creatures
  3 endoplasms (D:1)
  A goblin (D:1)
  A quokka (D:1)
  A ball python (D:1)
  A rat (D:1)
7 creatures vanquished.

Notes
Turn   | Place    | Note
-------+----------+-------------------------------------------
     0 | D:1      | Astivus the Draconian Chaos Knight began the quest for the
                  | Orb.
     0 | D:1      | Reached XP level 1. HP: 19/19 MP: 1/1
   358 | D:1      | XOM: butterfly on damage
   385 | D:1      | Reached XP level 2. HP: 22/26 MP: 2/2
   419 | D:2      | HP: 1/26 [orc/+0 trident (2)]
   426 | D:2      | Slain by an orc

Illustrated notes

Levels and vault maps discovered:
D:1:      lightli_arrival_isolated_outpost, layout_loops_ring
D:2:      layout_loops_ring, hellmonk_ecumenical_altar_defaced_shrine

Action                   || total
-------------------------++-------
Melee: Hand axe          ||    23
       Tailslap          ||     2
Evoke: Piece from Xom's  ||     1
Armor: Skin              ||     8
Dodge: Dodged            ||    11
